 Dungeon Crawl Stone Soup version 0.27.1-2-g3b301248ec (webtiles) character file.

Game seed: 225501581597419099

758 zdrol the Basher (level 7, -5/59 HPs)
             Began as a Minotaur Fighter on Sept 27, 2021.
             Was a Priest of Okawaru.
             Slain by an ogre (11 damage)
             ... on level 4 of the Dungeon.
             The game lasted 00:14:46 (3659 turns).

zdrol the Basher (Minotaur Fighter)                 Turns: 3659, Time: 00:14:46

Health: -5/59      AC: 11    Str: 22    XL:     7   Next: 50%
Magic:  15/15      EV:  4    Int:  5    God:    Okawaru [***...]
Gold:   273        SH: 10    Dex: 10    Spells: 6/6 levels left

rFire    . . .     SeeInvis .   i - +2 flail (holy)
rCold    . . .     Faith    .   c - +1 kite shield
rNeg     . . .     Spirit   .   s - +0 plate armour
rPois    .         Reflect  .   (helmet restricted)
rElec    .         Harm     .   (no cloak)
rCorr    .         Rampage  .   (no gloves)
Will     .....                  (no boots)
Stlth    ..........             (no amulet)
HPRegen  0.19/turn              e - ring of magical power
MPRegen  0.14/turn              (no ring)

@: mighty
A: horns 2, retaliatory headbutt
a: Renounce Religion, Heroism


You were on level 4 of the Dungeon.
You worshipped Okawaru.
Okawaru was most pleased with you.
You visited 1 branch of the dungeon, and saw 4 of its levels.

You collected 273 gold pieces.

Inventory:

Hand Weapons
 a - a +0 long sword
 i - a +2 flail of holy wrath (weapon)
Missiles
 f - 7 javelins (quivered)
Armour
 c - a +1 kite shield (worn)
 s - a +0 plate armour (worn)
Magical Staves
 n - a staff of conjuration
Jewellery
 e - a ring of magical power (left hand)
Wands
 o - a wand of flame (13)
Scrolls
 j - a scroll of summoning
 l - a scroll of enchant weapon
 m - 2 scrolls of identify
 p - a scroll of fear
Potions
 b - 2 potions of curing {unknown}
 d - a potion of might
 g - 2 potions of magic
 h - a potion of brilliance {unknown}
 k - a potion of heal wounds {unknown}
 q - a potion of degeneration {unknown}
 r - a potion of attraction {unknown}


   Skills:
 - Level 4.1 Fighting
 - Level 2.9 Long Blades
 * Level 9.3 Maces & Flails
 - Level 3.8 Armour
 - Level 0.2 Dodging
 - Level 4.0 Shields


You had 6 spell levels left.
You didn't know any spells.
Your spell library contained the following spells:

 Spells                   Type           Power      Damage    Failure   Level
 Freeze                   Ice            0%         1d3       100%        1
 Frozen Ramparts          Ice            0%         1d2       100%        3
 Gell's Gravitas          Tloc           0%         N/A       100%        3
 Teleport Other           Tloc           0%         N/A       100%        3
 Hailstorm                Conj/Ice       0%         3d3       100%        4
 Dispersal                Tloc           0%         N/A       100%        6


Dungeon Overview and Level Annotations

Branches:
Dungeon (4/15)
 Temple: D:4-7

Altars:
Okawaru
Trog
Wu Jian

Shops:
D:4 **

Annotations:
D:4 Ijyb; vvl's ghost, amateur DrTm


Innate Abilities, Weirdness & Mutations

You have a pair of horns on your head.
You reflexively headbutt those who attack you in melee.


Message History

An ogre comes into view. It is wielding a +0 giant club.
Found a red potion.
Found a stone staircase leading up.
The ogre shouts!
You hear a bark!
Ijyb the Twisted Goblin comes into view.
She is wielding a +0 club and carrying a wand of flame (5).
Found 7 gold pieces.
You thump the black bear!
The black bear is heavily wounded.
The black bear bites you but does no damage.
You block the black bear's attack.
The black bear claws you but does no damage.
The black bear bites you but does no damage.
The black bear claws you but does no damage. x2
Ijyb zaps a wand.
The puff of flame hits you!
The black bear bites you but does no damage.
The black bear claws you but does no damage. x2
You sock the black bear! You headbutt the black bear.
The black bear is almost dead.
The black bear goes berserk!
You hit the black bear.
The black bear is almost dead.
The black bear bites you. The black bear barely misses you.
The black bear claws you.
The black bear bites you but does no damage.
The black bear claws you but does no damage.
The black bear claws you.
You sock the black bear!
You kill the black bear!
Okawaru accepts your kill.
Your Maces & Flails skill increases to level 9!
You barely miss the ogre. You headbutt the ogre!
The ogre is moderately wounded.
The ogre hits you with a +0 giant club!
Ijyb screams, "You nasty!
Big nasty!"
You hit the ogre.
The ogre is heavily wounded.
The ogre hits you with a +0 giant club!!
* * * LOW HITPOINT WARNING * * *
You feel very mighty all of a sudden. The ogre hits you with a +0 giant club!
You die...

#.....# #.....#
#.....# #.....#
#.....##.
#....<... #######
#g####### #.....#
#O# #.....# #@#
#.....# #.#
######.....# #.#
#....#.....# #.#
###....#..>..###.#
.................#
###....#.....#####
#....#######.
#.)..........


You could see an ogre and Ijyb.

Vanquished Creatures
  Eustachio (D:4)
  A water moccasin (D:4)
  A black bear (D:4)
  2 scorpions (D:4)
  3 electric eels (D:3)
  Natasha (D:3)
  An orc wizard (D:4)
  8 adders
  2 dart slugs
  7 orcs
  A ball python (D:3)
  4 bats
  9 endoplasms
  3 giant cockroaches
  10 goblins
  3 hobgoblins
  6 quokkas
  2 frilled lizards (D:1)
  7 kobolds
  3 rats
75 creatures vanquished.

Vanquished Creatures (others)
  2 plants (D:3)
2 creatures vanquished.

Grand Total: 77 creatures vanquished

Notes
Turn   | Place    | Note
-------+----------+-------------------------------------------
     0 | D:1      | zdrol the Minotaur Fighter began the quest for the Orb.
     0 | D:1      | Reached XP level 1. HP: 19/19 MP: 0/0
    98 | D:1      | Reached XP level 2. HP: 11/27 MP: 1/1
   567 | D:1      | Found a faded altar of an unknown god.
   580 | D:1      | Became a worshipper of Warmaster Okawaru
   580 | D:1      | Reached * piety under Okawaru
   673 | D:2      | Reached XP level 3. HP: 32/33 MP: 2/2
   715 | D:2      | Reached skill level 1 in Maces & Flails
   932 | D:2      | Reached skill level 2 in Maces & Flails
  1188 | D:3      | Reached XP level 4. HP: 37/40 MP: 3/3
  1218 | D:3      | Reached skill level 3 in Maces & Flails
  1286 | D:3      | Found a transporter.
  1290 | D:3      | Found a bloodstained altar of Trog.
  1384 | D:3      | Found a transporter.
  1727 | D:3      | Reached skill level 4 in Maces & Flails
  1730 | D:3      | Reached ** piety under Okawaru
  1731 | D:3      | Reached XP level 5. HP: 9/46 MP: 4/4
  1979 | D:3      | Reached skill level 5 in Maces & Flails
  2554 | D:3      | Found an iron altar of Okawaru.
  2705 | D:3      | Reached skill level 6 in Maces & Flails
  2731 | D:3      | Noticed Natasha
  2742 | D:3      | Killed Natasha
  2743 | D:3      | Reached XP level 6. HP: 42/52 MP: 5/5
  2926 | D:4      | Noticed a water moccasin
  2942 | D:4      | Killed a water moccasin
  2943 | D:4      | Reached skill level 7 in Maces & Flails
  3345 | D:4      | Noticed an orc warrior
  3348 | D:4      | Noticed vvl's ghost (amateur DrTm)
  3378 | D:4      | Found an ornate altar of the Wu Jian Council.
  3410 | D:4      | Reached *** piety under Okawaru
  3411 | D:4      | Reached skill level 8 in Maces & Flails
  3411 | D:4      | Reached XP level 7. HP: 48/59 MP: 6/6
  3467 | D:4      | Found Dugehuti's General Store.
  3474 | D:4      | Found Igifoj's Specific Store.
  3596 | D:4      | Noticed Eustachio
  3614 | D:4      | Killed Eustachio
  3648 | D:4      | Noticed Ijyb
  3657 | D:4      | Reached skill level 9 in Maces & Flails
  3659 | D:4      | Slain by an ogre

Illustrated notes

Levels and vault maps discovered:
D:1:      psy_arrival_wood_between_worlds, layout_rooms, basic_ecumenical_altar
D:2:      layout_rooms, wad_floor_pattern_1, chequers_avenue, minmay_octomino_e4
D:3:      gammafunk_steamed_eel, layout_loops_cross, lemuel_tele_altar,
          amcnicky_altar_gilded, uniq_natasha
D:4:      layout_basic, gammafunk_ghost_split, chequers_mini_garden,
          kennysheep_flooded_box, grunt_ministairs_2, nicolae_specific_store,
          interstate_on_off, uniq_ijyb, uniq_eustachio

Skill      XL: |  1  2  3  4  5  6  7 |
---------------+----------------------+-----
Fighting       | 4 |  4.1
Shields        | 4 |  4.0
Maces & Flails | 2 4 6 8 9 |  9.3
Long Blades    | |  2.9
Armour         | |  3.8
Dodging        | |  0.2

Action                   |  1- 3 |  4- 6 |  7- 9 || total
-------------------------+-------+-------+-------++-------
Melee: Long sword        |    32 |       |       ||    32
       Headbutt          |    11 |    12 |     3 ||    26
       Flail             |    40 |    93 |    14 ||   147
Throw: Javelin           |     5 |     4 |     1 ||    10
Evoke: Wand              |       |     6 |       ||     6
  Use: Scroll            |     1 |     5 |       ||     6
       Potion            |       |       |     1 ||     1
Armor: Scale mail        |    45 |    34 |       ||    79
       Plate armour      |       |       |    12 ||    12
Dodge: Dodged            |    36 |    21 |     2 ||    59
Block: Kite shield       |    43 |    46 |     2 ||    91
       Rpst.: Long sword |     3 |       |       ||     3
